 Dungeon Crawl Stone Soup version 0.25.1-2-g60ff931df9 (webtiles) character file.

Game seed: 11959014441014264754

185 gruber the Poker (level 5, -8/47 HPs)
             Began as a Draconian Gladiator on Sept 11, 2020.
             Mangled by Menkaure (13 damage)
             ... on level 6 of the Dungeon.
             The game lasted 00:03:19 (2868 turns).

gruber the Poker (Draconian Gladiator)              Turns: 2868, Time: 00:03:19

Health: -8/47      AC:  9    Str: 16 (18) XL:     5   Next: 37%
Magic:  5/5        EV: 12    Int:  7 (8)  God:
Gold:   168        SH:  0    Dex: 10 (12) Spells: 4/4 levels left

rFire    + + .     SeeInvis .   a - +0 trident
rCold    . . .     Gourm    .   (no shield)
rNeg     . . .     Faith    .   (armour unavailable)
rPois    +         Spirit   .   b - +0 hat
rElec    +         Reflect  .   (no cloak)
rCorr    +         Harm     .   (no gloves)
MR       .....                  (no boots)
Stlth    +.........             p - amulet of regeneration
HPRegen  0.55/turn              v - +4 ring of protection
MPRegen  0.09/turn              j - ring of fire

@: resistant, stab
A: unfitting armour, cold-blooded, AC +5
a: no special abilities


You were on level 6 of the Dungeon.
You were not hungry.

You visited 1 branch of the dungeon, and saw 4 of its levels.

You collected 168 gold pieces.

Inventory:

Hand Weapons
 a - a +0 trident (weapon)
 s - a +2 flail of holy wrath
Missiles
 c - 2 throwing nets
 h - 21 poisoned darts (quivered)
Armour
 b - a +0 hat (worn)
Jewellery
 j - a ring of fire (right hand)
 p - an amulet of regeneration (around neck)
 v - a +4 ring of protection (left hand)
Scrolls
 e - 3 scrolls of teleportation {unknown}
 g - 5 scrolls of enchant armour {unknown}
 k - 2 scrolls of identify {unknown}
 r - a scroll of blinking {unknown}
 t - a scroll of fear {unknown}
 u - 3 scrolls of remove curse {unknown}
Potions
 o - a potion of curing
 w - a potion of mutation {unknown}
Comestibles
 d - 5 rations
 i - 5 chunks of flesh


   Skills:
 * Level 4.6 Fighting
 - Level 4.8 Polearms
 - Level 1.7 Throwing
 - Level 2.6 Dodging


You had 4 spell levels left.
You didn't know any spells.
Your spell library was empty.

Dungeon Overview and Level Annotations

Branches:
Dungeon (3/15)

Altars:
Hepliaklqana
The Shining One

Annotations:
D:6 Menkaure


Innate Abilities, Weirdness & Mutations

Your plain brown scales are hard. (AC +5)
You cannot fit into any form of body armour.
You are cold-blooded and may be slowed by cold attacks.


Message History

Menkaure closely misses you.
You hit Menkaure.
Your tail-slap misses Menkaure.
Menkaure is moderately damaged.
Menkaure calls on the powers of darkness!
The iguana convulses!
Your body is wracked with pain!
Evoke which item? (* to show all) (? for menu, Esc to quit)
Okay, then.
It was a potion of curing.
You feel better. Menkaure barely misses you.
It was a potion of resistance.
You feel protected. Menkaure hits you!!
* * * LOW HITPOINT WARNING * * *
You feel better.
It was a potion of magic.
Magic courses through your body. Menkaure hits you!
* * * LOW HITPOINT WARNING * * *
It was a potion of degeneration.
There was something very wrong with that liquid.
You feel weakened.
You feel dopey.
You feel clumsy. Menkaure hits you!
You die...

######
....#####
#........
#.# #@#
#M# .l.
.##.. ..
... .?
.... ..#
..### ##.
..#


You could see Menkaure and an iguana.

Vanquished Creatures
  An orc wizard (D:3)
  Jessica (D:3)
  An adder (D:2)
  A shadow imp (D:6)
  2 oozes
  4 worms
  2 dart slugs (D:2)
  3 leopard geckos
  8 orcs
  7 bats
  2 giant cockroaches
  8 goblins
  10 hobgoblins
  8 kobolds
  2 quokkas
  4 frilled lizards
  6 rats
70 creatures vanquished.

Vanquished Creatures (others)
  An orc wizard (D:3)
  4 toadstools (D:1)
5 creatures vanquished.

Grand Total: 75 creatures vanquished

Notes
Turn   | Place    | Note
-------+----------+-------------------------------------------
     0 | D:1      | gruber the Draconian Gladiator began the quest for the Orb.
     0 | D:1      | Reached XP level 1. HP: 17/17 MP: 1/1
   147 | D:1      | Reached XP level 2. HP: 24/24 MP: 2/2
   526 | D:1      | Reached XP level 3. HP: 29/29 MP: 3/3
  1127 | D:2      | Found a hazy altar of Hepliaklqana.
  1644 | D:2      | Reached XP level 4. HP: 25/37 MP: 4/4
  2505 | D:3      | Reached XP level 5. HP: 36/46 MP: 5/5
  2769 | D:3      | Found a glowing golden altar of the Shining One.
  2835 | D:3      | Noticed Jessica
  2843 | D:3      | Killed Jessica
  2851 | D:3      | You fall into a shaft and drop 3 floors!
  2856 | D:6      | Noticed Menkaure
  2868 | D:6      | Mangled by Menkaure

Illustrated notes

Levels and vault maps discovered:
D:1:      ldierk_walled_garden_2, layout_basic, kennysheep_decorative_pillar
D:2:      layout_loops_ring, lemuel_doored_altar, minmay_quantized
D:3:      layout_loops_cross, tso_altar, uniq_jessica
D:6:      layout_loops_ring, nicolae_overflow_hidden_temple, serial_undead,
          serial_undead_e, serial_undead_a, serial_undead_d, serial_undead_b,
          gammafunk_ghost_grave, bh_walls_and_bars, uniq_edmund, uniq_menkaure

Skill      XL: |  1  2  3  4 |
---------------+-------------+-----
Polearms       | 4 |  4.8
Fighting       | 4 |  4.6
Throwing       | |  1.7
Dodging        | |  2.6

Action                   |  1- 3 |  4- 6 || total
-------------------------+-------+-------++-------
Melee: Trident           |   117 |    58 ||   175
       Tailslap          |    10 |     9 ||    19
       Flail             |     5 |    39 ||    44
Throw: Dart              |     5 |       ||     5
       Throwing net      |     1 |       ||     1
  Use: Potion            |       |     7 ||     7
 Stab: Sleeping          |     6 |       ||     6
  Eat: Chunk             |     2 |     4 ||     6
Armor: Skin              |    20 |    22 ||    42
Dodge: Dodged            |    48 |    73 ||   121
